 Dungeon Crawl Stone Soup version 0.15.2 (webtiles) character file.

185 magipi the Chopper (level 5, -5/26 HPs)
             Began as a Vine Stalker Skald on Aug 28, 2015.
             Killed by divine providence
             ... invoked by an orc priest
              (10 damage)
             ... on Level 4 of the Dungeon.
             The game lasted 00:11:42 (1213 turns).

magipi the Chopper (Vine Stalker Skald)             Turns: 1213, Time: 00:11:42

HP  -5/26        AC  5     Str 14      XL: 5   Next: 64%
MP   0/11        EV  9     Int 12      God:
Gold 71          SH  0     Dex 15      Spells:  1 memorised,  7 levels left

rFire  . . .     SeeInvis .     a - +0 hand axe
rCold  . . .     Clarity  .     k - +0 ring mail (curse)
rNeg   . . .     rCorr    .     (no shield)
rPois  .         rRot     +     (no helmet)
rElec  .         Spirit   +     (no cloak)
SustAb .         Warding  .     (no gloves)
rMut   .         Stasis   .     (no boots)
Gourm  .                        (no amulet)
MR     .....                    (no ring)
                                (no ring)

@: infused (expiring), not resistant to hostile enchantments, very unstealthy
A: fangs 2, regeneration 1, magic shield, antimagic bite, no device heal 3, rot
immunity
a: no special abilities


You were on level 4 of the Dungeon.
You were hungry.

You visited 1 branch of the dungeon, and saw 4 of its levels.

You collected 71 gold pieces.

Inventory:

Hand weapons
 a - a +0 hand axe (weapon)
Missiles
 g - 7 tomahawks (quivered)
 j - 22 poisoned needles
Armour
 k - a cursed +0 ring mail (worn)
Comestibles
 b - 3 bread rations
 f - a beef jerky
 i - 2 slices of pizza
 m - a rotting chunk of bat flesh
Scrolls
 e - 2 scrolls of identify
 n - a scroll of fog {unknown}
Potions
 d - 3 potions of agility
 h - a potion of mutation {unknown}
 l - a potion of brilliance
Books
 c - a book of Battle

   Spells                             Type                      Level
   *Infusion                          Charms                       1
   Shroud of Golubria                 Charms/Translocation         2
   Song of Slaying                    Charms                       2
   Spectral Weapon                    Hexes/Charms                 3
   Regeneration                       Charms/Necromancy            3


   Skills:
 - Level 1.7 Fighting
 + Level 5.1 Axes
 - Level 0.7 Armour
 - Level 0.7 Dodging
 - Level 2.1 Spellcasting
 - Level 3.0 Charms


You had 7 spell levels left.
You knew the following spells:

 Your Spells              Type           Power        Failure   Level  Hunger
a - Infusion              Chrm           #.....       12%         1    ##.....


Dungeon Overview and Level Annotations

Branches:
Dungeon (4/15)
 Temple: D:4-7

Altars:
Sif Muna


Innate Abilities, Weirdness & Mutations

You have extremely sharp teeth.
Your natural rate of healing is unusually fast.
When hurt, damage is shared between your health and your magic reserves.
Your bite disrupts and absorbs the magic of your enemies.
Potions and wands cannot restore your health.
You are immune to rotting.

Vault maps used:
D:1:      dpeg_cavernosity, hangedman_feature_mirror, minmay_misc_feat_hallway
D:2:      lemuel_upstairs_altar, lemuel_doored_altar, first_bread,
          tgw_kikubaaqudgha, uniq_terence
D:3:      fedhas_altar_4
D:4:      uniq_prince_ribbit1


Message History

You hit the orc. You bite the orc. You drain its power.
You kill the orc!
Things that are here:
a runed mace; an orc corpse An orc priest comes into view.
It is wielding a short sword.
The orc priest shouts!
You start waiting.
The orc priest invokes the aid of Beogh against you.
Something smites you!
Found a meat ration.
You closely miss the orc priest.
You bite the orc priest, but do no damage.
The orc priest hits you but does no damage.
You hit the orc priest but do no damage.
You bite the orc priest. You drain its power.
You feel invigorated.
The orc priest is moderately wounded.
The orc priest hits you with a short sword.
The orc priest becomes somewhat translucent.
An orc comes into view. It is wielding a mace.
You hit the orc priest. You bite the orc priest. You drain its power.
You feel invigorated.
The orc priest is severely wounded.
The orc priest utters an invocation to Beogh.
You feel a wave of unholy energy pass over you.
The orc priest invokes the aid of Beogh against you.
Pain shoots through your body!
You hit the orc priest but do no damage.
You bite the orc priest. You drain its power.
You feel invigorated.
The orc priest is almost dead.
The orc priest hits you but does no damage.
An orc wizard comes into view. It is wielding a dagger.
You hit the orc priest.
You kill the orc priest!
Your Axes skill increases to level 5!
The orc priest invokes the aid of Beogh against you.
Something smites you!
* * * LOW HITPOINT WARNING * * *
Unknown command.
An adder comes into view.
Found a scroll labeled PREPASHR HOQONK.
Casting: Infusion
Confirm with . or Enter, or press ? or * to list all spells.
You begin infusing your attacks with magical energy.
The adder bites you.
* * * LOW HITPOINT WARNING * * *
You closely miss the adder. Your bite misses the adder.
The adder barely misses you.
You hit the adder. Your bite misses the adder.
The adder is lightly wounded.
The adder barely misses you.
The orc wizard mumbles some strange words.
The orc wizard flickers and vanishes!
Deactivating autopickup; reactivate with Ctrl-A.
The adder bites you but does no damage.
You miss the adder.
The adder is lightly wounded.
The adder misses you.
You hit the adder.
The adder is moderately wounded.
The adder bites you. x2
You barely miss the adder.
The adder is moderately wounded.
The adder bites you but does no damage.
You hear some strange, mumbled words.
The puff of flame misses you.
The orc priest glows brightly for a moment.
You hit the adder!
You kill the adder!
You hear some strange, mumbled words.
Something tries to affect you, but you resist.
Unknown command.
You barely miss something. Something hits you but does no damage.
You closely miss something. Something hits you.
* * * LOW HITPOINT WARNING * * *
You barely miss something.
You hear some strange, mumbled words.
Something tries to affect you, but you resist.
Unknown command.
You miss something. Something hits you.
* * * LOW HITPOINT WARNING * * *
You hit something. You bite something. Something hits you but does no damage.
Unknown command.
You miss something. You bite something. Something hits you but does no damage.
Unknown command.
You closely miss something. You bite something.
Your magical infusion is running out.
Something hits you.
Unknown command.
You barely miss something. Your bite misses something.
You hear some strange, mumbled words.
The magic dart hits you!
* * * LOW HITPOINT WARNING * * *
The orc priest sings a few bars from the Orcish anthem.
You hit something but do no damage. Something hits you but does no damage.
Something hits you but does no damage.
Unknown command.
You miss something.
The orc priest mumbles some strange prayers to Beogh against you.
Something smites you!
You die...

###..# #.....#
..%
#...........#
#...##.....##.o
#####.#####.#
#...$........
...# #.#
#......).#######
##..# #.#
#..........o.o..
#..# #.#
#.......######..
#..# #.#
#...........o#
#..# #.#
#...)#.#####.#
#..# #.#
#....#+#####@#
$.# #.#
#..........#.#
#.#
##+#.......#..
#.#
#.#.......#...
#.#
#.#.......+....
#..
#.........#..?##
###
#.............#
#.)#......###.#
#..#......###


You could see an orc priest.

Table legend:
 A = Kills in this place as a percentage of kills in entire the game.
 B = Kills by you in this place as a percentage of kills by you in the entire game.
 C = Kills by friends in this place as a percentage of kills by friends in the entire game.
 D = Other kills in this place as a percentage of other kills in the entire game.
 E = Experience gained in this place as a percentage of experience gained in the entire game.
 F = Experience gained in this place divided by the number of levels of this place that you have seen.
                   A       B       C       D       E      F
               +-------+-------+-------+-------+-------+----------------------
         Total | 100.0 | 100.0 |  -nan |  -nan | 100.0 |  66.2
       Dungeon | 100.0 | 100.0 |  -nan |  -nan | 100.0 |  66.2
               +-------+-------+-------+-------+-------+----------------------

Vanquished Creatures
  An orc priest (D:4)
  2 orc wizards (D:4)
  A worker ant (D:4)
  A gnoll (D:1)
  3 adders
  2 giant geckos
  3 orcs (D:4)
  4 giant cockroaches
  4 hobgoblins
  3 jackals (D:1)
  7 kobolds
  7 bats
  10 goblins
  7 rats
55 creatures vanquished.

Notes
Turn   | Place    | Note
--------------------------------------------------------------
     0 | D:1      | magipi, the Vine Stalker Skald, began the quest for the Orb.
     0 | D:1      | Reached XP level 1. HP: 11/11 MP: 3/3
    81 | D:1      | Reached XP level 2. HP: 8/15 MP: 1/5
   253 | D:1      | Reached XP level 3. HP: 16/18 MP: 5/7
   467 | D:2      | Found a deep blue altar of Sif Muna.
   774 | D:4      | Reached XP level 4. HP: 21/23 MP: 5/8
   824 | D:4      | Reached skill level 4 in Axes
  1084 | D:4      | Reached XP level 5. HP: 12/26 MP: 0/11
  1189 | D:4      | Reached skill level 5 in Axes
  1213 | D:4      | Killed from afar by an orc priest

Action                   |  1- 3 |  4- 6 || total
-------------------------+-------+-------++-------
Melee: Hand axe          |   126 |    67 ||   193
 Cast: Infusion          |     3 |     4 ||     7
  Use: Scroll            |     3 |     2 ||     5
  Eat: Chunk             |       |     1 ||     1

Action                   |  1- 3 |  4- 6 || total
-------------------------+-------+-------++-------
Melee: Hand axe          |   126 |    67 ||   193
 Cast: Infusion          |     3 |     4 ||     7
  Use: Scroll            |     3 |     2 ||     5
  Eat: Chunk             |       |     1 ||     1

Action                   |  1- 3 |  4- 6 || total
-------------------------+-------+-------++-------
Melee: Hand axe          |   126 |    67 ||   193
 Cast: Infusion          |     3 |     4 ||     7
  Use: Scroll            |     3 |     2 ||     5
  Eat: Chunk             |       |     1 ||     1
